 Dungeon Crawl Stone Soup version 0.21.1-1-g345015f (webtiles) character file.

228 tidbits the Chiller (level 6, -5/44 HPs)
             Began as a Gnoll Ice Elementalist on Mar 30, 2018.
             Killed from afar by an orc wizard (12 damage)
             ... with a magic dart
             ... on level 4 of the Dungeon.
             The game lasted 00:08:06 (982 turns).

tidbits the Chiller (Gnoll Ice Elementalist)         Turns: 982, Time: 00:08:06

Health: -5/44      AC:  3    Str: 10    XL:     6   Next: 2%
Magic:  13/13      EV: 15    Int: 19    God:
Gold:   100        SH:  0    Dex: 16    Spells: 3/15 levels left

rFire    . . .     SeeInvis .   a - +0 dagger
rCold    . . .     Gourm    .   (no shield)
rNeg     + . .     Faith    .   f - +0 robe
rPois    .         Spirit   .   (no helmet)
rElec    .         Reflect  .   (no cloak)
rCorr    .         Harm     +   G - +0 pair of gloves
MR       .....                  (no boots)
Stlth    +++.......             s - amulet of harm
HPRegen  0.14/turn              d - ring of positive energy
MPRegen  0.13/turn              (no ring)

@: no status effects
A: distributed training, fangs 1, strong nose
a: no special abilities


You were on level 4 of the Dungeon.
You were not hungry.

You visited 1 branch of the dungeon, and saw 4 of its levels.

You collected 100 gold pieces.

Inventory:

Hand Weapons
 a - a +0 dagger (weapon)
 b - a +0 war axe
 n - a +0 short sword
Missiles
 h - 20 arrows
 i - 18 bolts
 k - 47 stones
 y - 4 tomahawks (quivered)
Armour
 f - a +0 robe (worn)
 l - a cursed +0 ring mail
 G - a +0 pair of gloves (worn)
Jewellery
 d - a ring of positive energy (left hand)
   (You found it on level 1 of the Dungeon)
 s - an amulet of harm (around neck)
   (You found it on level 2 of the Dungeon)
Wands
 r - a wand of polymorph (15)
Scrolls
 e - 2 scrolls of teleportation {unknown}
 g - 4 scrolls of identify {unknown}
 q - a scroll of enchant armour {unknown}
 t - a scroll of remove curse {unknown}
 v - a scroll of immolation {unknown}
Potions
 j - 3 potions of curing {unknown}
 m - 2 potions of flight {unknown}
 o - a potion of resistance {unknown}
 p - a potion of haste {unknown}
 u - 2 potions of brilliance {unknown}
 w - a potion of mutation {unknown}
Books
 x - a book of Minor Magic
   (You found it on level 2 of the Dungeon)

   Spells                             Type                      Level
   a - Magic Dart                     Conjuration                  1
   b - Blink                          Translocation                2
   c - Call Imp                       Summoning                    2
   d - Slow                           Hexes                        2
   e - Conjure Flame                  Conjuration/Fire             3
   f - Mephitic Cloud                 Conjuration/Poison/Air       3
 z - a book of Frost

   Spells                             Type                      Level
   a - Freeze                         Ice                          1
   b - Throw Frost                    Conjuration/Ice              2
   c - Ozocubu's Armour               Charms/Ice                   3
   d - Throw Icicle                   Conjuration/Ice              4
   e - Summon Ice Beast               Ice/Summoning                4
 A - a book of Maledictions
   (You found it on level 4 of the Dungeon)

   Spells                             Type                      Level
   a - Corona                         Hexes                        1
   b - Ensorcelled Hibernation        Hexes/Ice                    2
   c - Confuse                        Hexes                        3
   d - Tukima's Dance                 Hexes                        3
   e - Dazzling Spray                 Conjuration/Hexes            3
Comestibles
 c - 8 rations


   Skills:
 + Level 1.7 Fighting
 + Level 1.7 Short Blades
 + Level 1.7 Long Blades
 + Level 1.7 Axes
 + Level 1.7 Maces & Flails
 + Level 1.7 Polearms
 + Level 1.7 Staves
 + Level 1.7 Slings
 + Level 1.7 Bows
 + Level 1.7 Crossbows
 + Level 1.7 Throwing
 + Level 1.7 Armour
 + Level 4.9 Dodging
 + Level 4.5 Stealth
 + Level 1.7 Shields
 + Level 1.7 Unarmed Combat
 + Level 5.2 Spellcasting
 + Level 2.5 Conjurations
 + Level 1.3 Hexes
 + Level 1.3 Charms
 + Level 1.3 Summonings
 + Level 1.3 Necromancy
 + Level 1.3 Translocations
 + Level 1.3 Transmutations
 + Level 1.3 Fire Magic
 + Level 5.6 Ice Magic
 + Level 1.3 Air Magic
 + Level 1.3 Earth Magic
 + Level 1.3 Poison Magic
 + Level 1.9 Invocations
 + Level 1.7 Evocations


You had 3 spell levels left.
You knew the following spells:

 Your Spells              Type           Power        Failure   Level  Hunger
a - Freeze                Ice            ####         1%          1    None
c - Conjure Flame         Conj/Fire      ##......     16%         3    ##.....
j - Throw Frost           Conj/Ice       ###...       3%          2    None
m - Mephitic Cloud        Conj/Pois/Air  ##......     19%         3    ##.....
o - Ozocubu's Armour      Chrm/Ice       ###.....     9%          3    ##.....


Dungeon Overview and Level Annotations

Branches:
Dungeon (4/15)
 Temple: D:4-7

Altars:

Annotations:
D:2 Jessica


Innate Abilities, Weirdness & Mutations

Your experience applies equally to all skills.
You have very sharp teeth.
Your uncanny sense of smell can sniff out nearby items.


Message History

An orc wizard comes into view. It is wielding a dagger.
Your magical contamination has completely faded away.
There is an open door here.
An orc priest comes into view. It is wielding a club.
Found 18 bolts.
You see here 18 bolts.
Okay, then.
An orc priest comes into view. It is wielding a dagger.
Throwing (i - inventory. (,) - cycle):
y - 6 tomahawks (quivered)
Press: ? - help, Shift-Dir - straight line, f - orc priest
Aim: an orc priest, wielding a dagger (resting)
You throw a tomahawk. The tomahawk hits the orc priest.
The orc priest is lightly wounded.
An orc wizard comes into view.
It is wielding a dagger of electrocution.
You see here 18 bolts.
Casting: Conjure Flame
Confirm with . or Enter, or press ? or * to list all spells.
You don't know that spell.
Okay, then.
Unknown command.
The orc priest barely misses you.
Unknown command.
You closely miss the orc priest.
The orc priest is lightly wounded.
The orc priest completely misses you.
You barely miss the orc priest.
The orc priest is lightly wounded.
The orc priest hits you but does no damage.
You barely miss the orc priest.
The orc priest is lightly wounded.
The orc priest barely misses you.
You puncture the orc priest!
The orc priest is almost dead.
The orc priest hits you but does no damage.
You puncture the orc priest!
You kill the orc priest!
You have reached level 6!
Your experience leads to an increase in your attributes!
Your base attributes are Str 10, Int 18, Dex 16.
Increase (S)trength, (I)ntelligence, or (D)exterity?
You feel clever.
Things that are here:
a dagger; 18 bolts
i - 18 bolts An orc comes into view. It is wielding a hand axe.
Casting: Conjure Flame
Confirm with . or Enter, or press ? or * to list all spells.
Aiming: Mephitic Cloud
Press: ? - help, Shift-Dir - straight line, f - orc priest
Aim: an orc priest, wielding a club
Okay, then.
Throwing (i - inventory. (,) - cycle):
y - 5 tomahawks (quivered)
Press: ? - help, Shift-Dir - straight line, f - orc priest
Aim: an orc priest, wielding a club You throw a tomahawk.
The tomahawk closely misses the orc priest.
You hit the orc priest. You bite the orc priest.
The orc priest is moderately wounded.
You feel a little less mighty now. The orc priest hits you with a club.
You hit the orc priest. Your bite misses the orc priest.
The orc priest is moderately wounded.
The orc priest calls down the wrath of Beogh upon you.
Pain shoots through your body!
You barely miss the orc priest. You bite the orc priest.
The orc priest is moderately wounded.
You completely miss the orc priest.
The orc priest is moderately wounded.
The orc priest hits you but does no damage.
You hit the orc priest.
The orc priest is heavily wounded.
The orc wizard hits you but does no damage.
The orc priest misses you.
You hit the orc priest. Your bite misses the orc priest.
The orc priest is heavily wounded.
The orc shouts!
The orc wizard misses you.
The orc priest hits you but does no damage.
You barely miss the orc priest. You bite the orc priest.
The orc priest is severely wounded.
The orc wizard casts a spell at you. The puff of flame hits you!
* * * LOW HITPOINT WARNING * * *
You barely miss the orc priest.
The orc priest is severely wounded.
The orc priest misses you. The orc wizard misses you.
You hit the orc priest but do no damage.
The orc priest is severely wounded.
The orc priest hits you with a club.
* * * LOW HITPOINT WARNING * * *
The orc wizard closely misses you.
You hit the orc priest.
The orc priest is almost dead.
The orc priest hits you with a club.
* * * LOW HITPOINT WARNING * * *
You barely miss the orc priest.
The orc priest is almost dead.
The orc wizard casts a spell at you. The magic dart hits you!
You die...

#.###..##.⌠.#
#.......##'####..#
#####......(.....#####
#.......###.......
#.#####......... #.#
####.... #.# o.#
#.#########o.#
#.).......@o.#
#.#########.## #.# ##
#.# #.# #.# ###


You could see an orc priest, an orc wizard and an orc.

Vanquished Creatures
  The ghost of SpeedyPerson7 the Grave Robber, an amateur GnNe (D:4)
  An orc wizard (D:3)
  An orc priest (D:4)
  A hound skeleton (D:4)
  3 adders
  A worm (D:2)
  2 dart slugs (D:1)
  4 orcs (D:3)
  4 bats
  A giant cockroach (D:4)
  3 goblins (D:1)
  10 hobgoblins
  3 kobolds (D:1)
  A quokka (D:2)
  2 frilled lizards (D:1)
  4 rats
42 creatures vanquished.

Notes
Turn   | Place    | Note
-------+----------+-------------------------------------------
     0 | D:1      | tidbits the Gnoll Ice Elementalist began the quest for the Orb.
     0 | D:1      | Reached XP level 1. HP: 13/13 MP: 6/6
    30 | D:2      | Noticed Jessica
    73 | D:1      | Reached skill level 2 in Conjurations
    99 | D:1      | Reached XP level 2. HP: 11/19 MP: 0/7
   351 | D:1      | Reached XP level 3. HP: 25/25 MP: 5/9
   355 | D:1      | Learned a level 2 spell: Throw Frost
   359 | D:1      | Learned a level 3 spell: Ozocubu's Armour
   391 | D:1      | Reached skill level 5 in Spellcasting
   506 | D:2      | Reached skill level 1 in Invocations
   575 | D:3      | Reached skill level 1 in Fighting
   575 | D:3      | Reached skill level 1 in Short Blades
   575 | D:3      | Reached skill level 1 in Long Blades
   575 | D:3      | Reached skill level 1 in Axes
   575 | D:3      | Reached skill level 1 in Maces & Flails
   575 | D:3      | Reached skill level 1 in Polearms
   575 | D:3      | Reached skill level 1 in Staves
   575 | D:3      | Reached skill level 1 in Slings
   575 | D:3      | Reached skill level 1 in Bows
   575 | D:3      | Reached skill level 1 in Crossbows
   575 | D:3      | Reached skill level 1 in Throwing
   575 | D:3      | Reached skill level 1 in Armour
   575 | D:3      | Reached skill level 1 in Shields
   575 | D:3      | Reached skill level 1 in Unarmed Combat
   575 | D:3      | Reached skill level 1 in Evocations
   583 | D:3      | Reached XP level 4. HP: 32/32 MP: 8/11
   713 | D:2      | Learned a level 3 spell: Mephitic Cloud
   767 | D:3      | Reached skill level 1 in Hexes
   767 | D:3      | Reached skill level 1 in Charms
   767 | D:3      | Reached skill level 1 in Summonings
   767 | D:3      | Reached skill level 1 in Necromancy
   767 | D:3      | Reached skill level 1 in Translocations
   767 | D:3      | Reached skill level 1 in Transmutations
   767 | D:3      | Reached skill level 1 in Fire Magic
   767 | D:3      | Reached skill level 1 in Air Magic
   767 | D:3      | Reached skill level 1 in Earth Magic
   767 | D:3      | Reached skill level 1 in Poison Magic
   831 | D:4      | Reached XP level 5. HP: 22/37 MP: 12/12
   884 | D:4      | Noticed SpeedyPerson7's ghost (amateur GnNe)
   894 | D:4      | Learned a level 3 spell: Conjure Flame
   919 | D:4      | Killed SpeedyPerson7's ghost
   960 | D:4      | Reached XP level 6. HP: 27/44 MP: 13/13
   982 | D:4      | Killed from afar by an orc wizard

Skill      XL: |  1  2  3  4 |
---------------+-------------+-----
Conjurations   | 2 |  2.5
Spellcasting   | 5 |  5.2
Invocations    | 1 |  1.9
Fighting       | 1 |  1.7
Short Blades   | 1 |  1.7
Long Blades    | 1 |  1.7
Axes           | 1 |  1.7
Maces & Flails | 1 |  1.7
Polearms       | 1 |  1.7
Staves         | 1 |  1.7
Slings         | 1 |  1.7
Bows           | 1 |  1.7
Crossbows      | 1 |  1.7
Throwing       | 1 |  1.7
Armour         | 1 |  1.7
Shields        | 1 |  1.7
Unarmed Combat | 1 |  1.7
Evocations     | 1 |  1.7
Hexes          | 1 |  1.3
Charms         | 1 |  1.3
Summonings     | 1 |  1.3
Necromancy     | 1 |  1.3
Translocations | 1 |  1.3
Transmutations | 1 |  1.3
Fire Magic     | 1 |  1.3
Air Magic      | 1 |  1.3
Earth Magic    | 1 |  1.3
Poison Magic   | 1 |  1.3
Dodging        | |  4.9
Stealth        | |  4.5
Ice Magic      | |  5.6

Action                   |  1- 3 |  4- 6 || total
-------------------------+-------+-------++-------
Melee: Unarmed           |     1 |       ||     1
       Dagger            |    12 |    54 ||    66
       Bite              |     2 |     7 ||     9
Throw: Tomahawk          |       |     8 ||     8
       Stone             |       |     2 ||     2
 Cast: Freeze            |    33 |    11 ||    44
       Conjure Flame     |       |     1 ||     1
  Use: Potion            |       |     1 ||     1
 Stab: Sleeping          |     9 |     3 ||    12
       Distracted        |     1 |       ||     1
Armor: Robe              |     2 |     5 ||     7
Dodge: Dodged            |    21 |    27 ||    48

Table legend:
 A = Turns spent in this place as a percentage of turns spent in the entire game.
 B = Non-inter-level travel turns spent in this place as a percentage of non-inter-level travel turns spent in the entire game.
 C = Inter-level travel turns spent in this place as a percentage of turns spent in this place.
 D = Turns resting spent in this place as a percentage of non-inter-level travel turns spent in this place.
 E = Turns spent auto-exploring this place as a percentage of non-inter-level travel turns spent in this place.
 F = Non-inter-level travel turns spent in this place divided by the number of levels of this place that you've seen.
                   A       B       C       D       E      F
               +-------+-------+-------+-------+-------+----------------------
         Total | 100.0 | 100.0 |   0.0 |   0.0 |   0.0 | 245.5
       Dungeon | 100.0 | 100.0 |   0.0 |   0.0 |   0.0 | 245.5
               +-------+-------+-------+-------+-------+----------------------

Table legend:
 A = Kills in this place as a percentage of kills in entire the game.
 B = Kills by you in this place as a percentage of kills by you in the entire game.
 C = Kills by friends in this place as a percentage of kills by friends in the entire game.
 D = Other kills in this place as a percentage of other kills in the entire game.
 E = Experience gained in this place as a percentage of experience gained in the entire game.
 F = Experience gained in this place divided by the number of levels of this place that you have seen.
                   A       B       C       D       E      F
               +-------+-------+-------+-------+-------+----------------------
         Total | 100.0 | 100.0 |   N/A |   N/A | 100.0 |  81.5
       Dungeon | 100.0 | 100.0 |   N/A |   N/A | 100.0 |  81.5
               +-------+-------+-------+-------+-------+----------------------

Vault maps used:
D:1:      minmay_arrival_open_corners
D:2:      first_ration, uniq_jessica
D:3:      cheibrodos_thug_alley
D:4:      grunt_qazlal_sundering, kennysheep_mini, marbit_many_paths,
          temple_green, grunt_decor_arrowhead, minmay_misc_feat_nine_boxes,
          uniq_robin
